 Dungeon Crawl Stone Soup version 0.27-a0-604-g29a88b33a7 (webtiles) character file.

Game seed: 4203417468068488311

485 dolemite99 the Spear-Bearer (level 7, -5/50 HPs)
             Began as a Merfolk Gladiator on Mar 13, 2021.
             Was an Initiate of Gozag.
             Killed by nerve-wracking pain
             ... invoked by an orc priest
              (8 damage)
             ... on level 5 of the Dungeon.
             The game lasted 00:07:16 (7195 turns).

dolemite99 the Spear-Bearer (Merfolk Gladiator)     Turns: 7195, Time: 00:07:17

Health: -5/50      AC:  8    Str: 17    XL:     7   Next: 13%
Magic:  7/7        EV: 13    Int:  7    God:    Gozag
Gold:   306        SH:  0    Dex: 15    Spells: 6/6 levels left

rFire    . . .     SeeInvis .   a - +0 trident
rCold    . . .     Faith    .   (no shield)
rNeg     . . .     Spirit   .   y - +0 ring mail
rPois    .         Reflect  .   c - +1 helmet
rElec    .         Harm     .   (no cloak)
rCorr    .         Rampage  .   (no gloves)
Will     .....                  e - +0 pair of boots
Stlth    +.........             (no amulet)
HPRegen  0.16/turn              (no ring)
MPRegen  0.10/turn              (no ring)

@: gold aura, hasted, very quick
A: amphibious, mertail
a: Renounce Religion, Potion Petition, Call Merchant, Bribe Branch


You were on level 5 of the Dungeon.
You worshipped Gozag.
Gozag was aware of your devotion.
You visited 1 branch of the dungeon, and saw 5 of its levels.

You collected 359 gold pieces.
You paid 53 gold pieces to Gozag.

Inventory:

Hand Weapons
 a - a +0 trident (weapon)
 k - a +3 whip
 x - a +0 hunting sling
 z - a +0 antimagic falchion
Missiles
 d - 3 throwing nets (quivered)
 i - 239 stones
 j - 89 sling bullets
 m - 3 silver boomerangs
 o - 68 arrows
 r - 23 bolts
 s - 5 atropa-tipped darts
Armour
 b - a +0 leather armour
 c - a +1 helmet (worn)
 e - a +0 pair of boots (worn)
 y - a +0 ring mail (worn)
Magical Staves
 q - a staff of cold
 A - a staff of air
Jewellery
 f - a ring of positive energy
Wands
 g - a wand of charming (9)
 v - a wand of digging (2)
Scrolls
 h - 2 scrolls of fog
 n - 2 scrolls of teleportation
 w - a scroll of fear
Potions
 p - a potion of mutation
 t - a potion of flight


   Skills:
 - Level 2.1 Fighting
 - Level 9.6 Polearms
 - Level 2.0 Throwing
 + Level 6.6 Dodging


You had 6 spell levels left.
You didn't know any spells.
Your spell library was empty.

Dungeon Overview and Level Annotations

Branches:
Dungeon (5/15)
 Temple: D:4-7

Altars:
Dithmenos
Elyvilon
Fedhas
Gozag
Nemelex Xobeh
Okawaru
Ru

Annotations:
D:2 exclusion: downstairs
D:3 Eustachio


Innate Abilities, Weirdness & Mutations

((You are quick and stealthy while swimming. (Stealth+, EV+, Speed+++)))
Your lower body shifts to a powerful aquatic tail in water.


Message History

Beogh smites you!
* * * LOW HITPOINT WARNING * * *
You feel better.
You hear some strange, mumbled words.
A magic dart appears from out of thin air!
The magic dart hits you but does no damage.
The orc priest hits you with a +0 club.
* * * LOW HITPOINT WARNING * * *
Items here: $ )) [[.
You hit the orc priest.
The orc priest is moderately wounded.
Something hits you but does no damage.
You hit the orc priest.
The orc priest is heavily wounded.
The orc priest closely misses you.
You hear some strange, mumbled words.
A magic dart appears from out of thin air!
The magic dart hits you.
* * * LOW HITPOINT WARNING * * *
You hit the orc priest.
The orc priest is heavily wounded.
The orc priest closely misses you. Something hits you but does no damage.
You hit the orc priest.
The orc priest is almost dead.
The orc priest hits you with a +0 club.
* * * LOW HITPOINT WARNING * * *
It was a potion of haste.
You feel yourself speed up. Something barely misses you.
The orc priest barely misses you.
You hit the orc priest.
The orc priest is almost dead.
Something hits you.
* * * LOW HITPOINT WARNING * * *
Something freezes you.
* * * LOW HITPOINT WARNING * * *
You barely miss the orc priest.
The orc priest is almost dead.
The orc priest invokes the aid of Beogh against you.
Pain shoots through your body!
You die...
Your body crumbles into a pile of gold.

#..# #.## # #.# .#
##### #)# ####.#
#...####)#####.....
#..................
...####.#####.##..
#{# #.# #.# .. ##@##
#.# #.# ..
##.o.####.# ##.##..
#.........# ##...#..
#....########.......
#.#.##.)............
#.#.##.######.....#.
#.#.##.# ##...###
#####.#.##.# ##.....
#..........# #####.


You could see an orc priest.

Vanquished Creatures
  An ice beast (D:5)
  2 hounds (D:5)
  An orc priest (D:5)
  2 orc wizards
  2 worker ants
  A hound zombie (D:5)
  9 adders
  3 oozes
  A worm (D:3)
  2 dart slugs
  4 leopard geckos
  15 orcs
  5 bats
  4 giant cockroaches
  3 hobgoblins
  8 jackals (D:1)
  11 kobolds
  2 quokkas
  2 ball pythons (D:1)
  2 frilled lizards
  4 goblins
  6 rats
90 creatures vanquished.

Notes
Turn   | Place    | Note
-------+----------+-------------------------------------------
     0 | D:1      | dolemite99 the Merfolk Gladiator began the quest for the
                  | Orb.
     0 | D:1      | Reached XP level 1. HP: 16/16 MP: 1/1
   324 | D:1      | Reached skill level 5 in Polearms
   328 | D:1      | Reached XP level 2. HP: 19/22 MP: 2/2
  1228 | D:2      | Reached skill level 6 in Polearms
  1228 | D:2      | Reached XP level 3. HP: 9/27 MP: 3/3
  2108 | D:2      | Reached XP level 4. HP: 19/33 MP: 4/4
  2153 | D:2      | Reached skill level 7 in Polearms
  3333 | D:2      | Reached skill level 8 in Polearms
  3768 | D:2      | Reached XP level 5. HP: 38/38 MP: 5/5
  4037 | D:3      | Found an iron altar of Okawaru.
  4224 | D:3      | Found a white marble altar of Elyvilon.
  4230 | D:3      | Found a sacrificial altar of Ru.
  4247 | D:3      | Became a worshipper of Elyvilon the Healer
  4506 | D:3      | Found a shadowy altar of Dithmenos.
  4745 | D:4      | Found an opulent altar of Gozag.
  4747 | D:4      | Found a blossoming altar of Fedhas.
  4748 | D:4      | Noticed Eustachio
  4750 | D:4      | Fell from the grace of Elyvilon
  4750 | D:4      | Became a worshipper of Gozag Ym Sagoz the Greedy
  5314 | D:4      | Reached skill level 9 in Polearms
  5339 | D:4      | Found a sparkling altar of Nemelex Xobeh.
  5713 | D:4      | Reached XP level 6. HP: 34/44 MP: 6/6
  6108 | D:5      | Entered Level 5 of the Dungeon
  6233 | D:5      | Noticed an ice beast
  6242 | D:5      | Killed an ice beast
  6243 | D:5      | Reached skill level 5 in Dodging
  7171 | D:5      | Reached XP level 7. HP: 50/50 MP: 7/7
  7195 | D:5      | Killed from afar by an orc priest

Illustrated notes

Levels and vault maps discovered:
D:1:      roderic_chinese_lattice_arrival, layout_loops_corners,
          hangedman_decor_diamond_cutter
D:2:      layout_rooms, minmay_misc_feat_encased
D:3:      layout_loops_cross, overflow_temple_1_default, minitemple,
          okawaru_ov_weapons_minmay
D:4:      layout_loops_cross, kennysheep_mini_moat, grunt_temple_overflow_open,
          nrook_mini_vaults, st_stairs_13, uniq_eustachio
D:5:      layout_loops_ring, temple_pool_b

Skill      XL: |  1  2  3  4  5  6 |
---------------+-------------------+-----
Polearms       | 5 6 8 9 |  9.6
Dodging        | 6 |  6.6
Fighting       | |  2.1
Throwing       | |  2.0

Action                   |  1- 3 |  4- 6 |  7- 9 || total
-------------------------+-------+-------+-------++-------
Melee: Trident           |   117 |   288 |    17 ||   422
  Use: Potion            |     1 |       |     3 ||     4
       Scroll            |       |     9 |       ||     9
Armor: Leather armour    |    57 |    55 |       ||   112
       Ring mail         |       |    23 |     4 ||    27
Dodge: Dodged            |    99 |   168 |     7 ||   274

Table legend: (Time is in decaauts)
 A = Elapsed time spent in this place.
 B = Non-inter-level travel time spent in this place.
 C = Inter-level travel time spent in this place.
 D = Time resting spent in this place.
 E = Time spent auto-exploring this place.
 F = Levels seen in this place.
 G = Mean time per level.
                   A        B        C        D        E       F      G
               +--------+--------+--------+--------+--------+-----+--------+
         Total |   7161 |   6929 |    232 |   3261 |   2493 |   5 | 1432.2 |
       Dungeon |   7161 |   6929 |    232 |   3261 |   2493 |   5 | 1432.2 |
               +--------+--------+--------+--------+--------+-----+--------+

Top non-repeatable levels by time:
     D:2: 2337 daAuts
     D:1: 1623 daAuts
     D:4: 1191 daAuts
     D:5: 1067 daAuts
     D:3: 942 daAuts
